 Dungeon Crawl Stone Soup version 0.21-a0-496-g696f58f (webtiles) character file.

3303 Laiders the Grappler (level 9, -16/80 HPs)
             Began as a Troll Monk on Nov 24, 2017.
             Was a Believer of Ru.
             Demolished by a two-headed ogre
             ... wielding a +0 giant spiked club
              (23 damage)
             ... on level 8 of the Dungeon.
             The game lasted 00:15:01 (6266 turns).

Laiders the Grappler (Troll Monk)                   Turns: 6266, Time: 00:15:01

Health: -16/80     AC:  7    Str: 22    XL:     9   Next: 70%
Magic:  7/12       EV:  5    Int:  8    God:    Ru [**....]
Gold:   354        SH:  0    Dex: 12    Spells: 8/13 levels left

rFire    . . .     SeeInvis .     - Unarmed
rCold    . . .     Gourm    +   (no shield)
rNeg     . . .     Faith    .   a - +2 robe
rPois    .         Spirit   .   (helmet restricted)
rElec    .         Reflect  .   (no cloak)
rCorr    .         Harm     .   (gloves unavailable)
MR       .....                  (boots unavailable)
Stlth    ..........             h - amulet of regeneration
HPRegen  1.03/turn              t - ring of wizardry
MPRegen  0.13/turn              (no ring)

@: no status effects
A: large, unfitting armour, claws 3, fast metabolism 3, gourmand, regeneration
1, shaggy fur 1, tough skin 2, no stealth, reduced EV 1
a: Sacrifice Purity, Sacrifice a Hand, Sacrifice Nimbleness, Reject Sacrifices,
Renounce Religion


You were on level 8 of the Dungeon.
You worshipped Ru.
Ru was pleased with you.
You were very full.

You visited 1 branch of the dungeon, and saw 8 of its levels.

You collected 354 gold pieces.

Inventory:

Missiles
 e - a throwing net (quivered)
Armour
 a - a +2 robe (worn)
Jewellery
 h - an amulet of regeneration (around neck)
 t - a ring of wizardry (left claw)
 x - an uncursed amulet of faith {unknown}
Wands
 g - a wand of polymorph (27)
Scrolls
 d - 7 scrolls of identify
 f - 4 scrolls of remove curse
 i - a scroll of teleportation {unknown}
 m - a scroll of immolation {unknown}
 n - a scroll of blinking {unknown}
 v - a scroll of random uselessness {unknown}
 y - a scroll of enchant weapon {unknown}
Potions
 c - a potion of magic {unknown}
 p - a potion of degeneration {unknown}
 r - 2 potions of brilliance {unknown}
 w - a potion of mutation {unknown}
Books
 j - a book of Cantrips

   Spells                             Type                      Level
   a - Confusing Touch                Hexes                        1
   b - Animate Skeleton               Necromancy                   1
   c - Summon Small Mammal            Summoning                    1
   d - Apportation                    Translocation                1
 k - a book of Misfortune

   Spells                             Type                      Level
   a - Confusing Touch                Hexes                        1
   b - Confuse                        Hexes                        3
   c - Gell's Gravitas                Translocation                3
   d - Petrify                        Transmutation/Earth          4
   e - Metabolic Englaciation         Hexes/Ice                    5
   f - Yara's Violent Unravelling     Hexes/Transmutation          5
Comestibles
 b - 9 bread rations
 l - a fruit
 o - 3 royal jellies
 s - 2 meat rations
 u - 5 chunks of flesh


   Skills:
 - Level 2.4 Fighting
 - Level 2.4 Dodging
 + Level 11.1 Unarmed Combat
 + Level 2.9 Spellcasting
 + Level 4.6 Hexes


You had 8 spell levels left.
You knew the following spells:

 Your Spells              Type           Power        Failure   Level  Hunger
a - Confusing Touch       Hex            #.....       1%          1    ##.....
b - Confuse               Hex            #.......     6%          3    ####...
c - Apportation           Tloc           #.....       13%         1    ##.....


Dungeon Overview and Level Annotations

Branches:
Dungeon (8/15)             Temple (0/1) D:6
   Lair: D:8-11

Altars:
Fedhas
Ru
Xom


Innate Abilities, Weirdness & Mutations

You are too large for most types of armour.
You have claws for hands.
Your metabolism is lightning-fast.
You like to eat raw meat.
Your natural rate of healing is unusually fast.
You are covered in fur. (AC +1)
You have very tough skin. (AC +2)
You cannot be stealthy.
You have somewhat slow reflexes. (EV -5)


Message History

Okay, then.
Okay, then.
Okay, then.
Casting: Confuse
Confirm with . or Enter, or press ? or * to list all spells.
Your claws begin to glow red.
The two-headed ogre hits you with a giant spiked club!! x2
* * * LOW HITPOINT WARNING * * *
You scratch the two-headed ogre but do no damage.
The two-headed ogre appears confused.
You mangle the two-headed ogre!!
The two-headed ogre is moderately wounded.
The two-headed ogre hits the worker ant with a giant spiked club! x2
The worker ant is killed!
You mangle the two-headed ogre!!
The two-headed ogre is severely wounded.
You scratch the two-headed ogre.
The two-headed ogre is severely wounded.
The two-headed ogre hits you with a giant spiked club!!
You die...

######..# #.......#
#.......# ##....÷..#
.......# ##........#
.......# #...o..<..#
.......# ##.##o###..#
.......# #.O##O# #..#
.......#####h###@# #..#
.#.....ho...o##..# #..#
........oOo...#.## ..#
..#.....o#####..# ...#
.....§...####..### .#.##
.....#####.......##.....
†....### #.......#......
.......###.............
..#.....##..........#.


You could see a two-headed ogre (confused), an orc warrior and an orc.

Vanquished Creatures
  A hippogriff (D:8)
  2 wyverns (D:8)
  Eustachio (D:4)
  Menkaure (D:4)
  A sky beast (D:6)
  An orc warrior (D:6)
  An ice beast (D:8)
  2 ogres (D:4)
  A phantom (D:3)
  4 centaurs
  4 bullfrogs
  3 killer bees (D:5)
  3 scorpions
  4 wights (D:6)
  3 howler monkeys
  4 crimson imps
  A bullfrog zombie (D:5)
  2 bullfrog skeletons (D:5)
  3 orc priests
  5 hounds
  A gnoll shaman (D:5)
  A jelly (D:6)
  An iguana (D:7)
  4 orc wizards
  8 worker ants
  2 worker ant zombies
  4 gnolls (D:5)
  3 adders
  3 adder skeletons
  4 worms
  2 dart slugs (D:1)
  7 leopard geckos
  13 orcs
  A ball python (D:6)
  3 bats (D:2)
  3 giant cockroaches
  5 goblins
  3 hobgoblins
  4 jackals (D:2)
  4 quokkas
  4 frilled lizards
  4 kobolds
  A leopard gecko skeleton (D:5)
  A quokka skeleton (D:5)
  A quokka zombie (D:7)
  4 rats
138 creatures vanquished.

Vanquished Creatures (others)
  A scorpion (D:6)
  An orc wizard (D:6)
2 creatures vanquished.

Grand Total: 140 creatures vanquished

Notes
Turn   | Place    | Note
-------+----------+-------------------------------------------
     0 | D:1      | Laiders the Troll Monk began the quest for the Orb.
     0 | D:1      | Reached XP level 1. HP: 22/22 MP: 0/0
   253 | D:1      | Reached XP level 2. HP: 29/29 MP: 1/1
  1019 | D:2      | Reached skill level 4 in Unarmed Combat
  1019 | D:2      | Reached XP level 3. HP: 34/36 MP: 2/2
  1609 | D:2      | Reached skill level 5 in Unarmed Combat
  1609 | D:2      | Reached XP level 4. HP: 42/44 MP: 3/3
  1965 | D:3      | Noticed a phantom
  1977 | D:3      | Found a sacrificial altar of Ru.
  2050 | D:3      | Killed a phantom
  2050 | D:3      | Reached skill level 6 in Unarmed Combat
  2050 | D:3      | Reached XP level 5. HP: 40/50 MP: 4/4
  2073 | D:3      | Became a worshipper of Ru the Awakened
  2082 | D:3      | Gained mutation: You have somewhat slow reflexes. (EV -5) [Ru sacrifice]
  2082 | D:3      | Reached * piety under Ru
  2632 | D:4      | Learned a level 1 spell: Confusing Touch
  2693 | D:4      | Noticed Menkaure
  2714 | D:4      | Killed Menkaure
  2714 | D:4      | Reached skill level 1 in Spellcasting
  2714 | D:4      | Reached skill level 1 in Hexes
  2714 | D:4      | Reached XP level 6. HP: 23/59 MP: 4/6
  2836 | D:4      | Reached XP level 7. HP: 66/66 MP: 8/8
  2988 | D:4      | Found a blossoming altar of Fedhas.
  3029 | D:4      | Noticed Eustachio
  3037 | D:4      | Killed Eustachio
  3037 | D:4      | Reached skill level 7 in Unarmed Combat
  3317 | D:5      | Entered Level 5 of the Dungeon
  3405 | D:5      | HP: 3/66 [killer bee (6)]
  3408 | D:5      | Reached XP level 8. HP: 9/74 MP: 10/10
  3538 | D:5      | Reached skill level 8 in Unarmed Combat
  3809 | D:5      | Gained mutation: You cannot be stealthy. [Ru sacrifice]
  3809 | D:5      | Reached ** piety under Ru
  3867 | D:5      | Reached skill level 9 in Unarmed Combat
  4353 | D:5      | Learned a level 3 spell: Confuse
  4532 | D:6      | HP: 2/74 [orc warrior/halberd (21)]
  4669 | D:6      | Found a staircase to the Ecumenical Temple.
  4694 | D:6      | Reached XP level 9. HP: 58/80 MP: 11/11
  4727 | D:6      | Reached skill level 10 in Unarmed Combat
  4892 | D:6      | Found a shimmering altar of Xom.
  6018 | D:7      | Learned a level 1 spell: Confusing Touch
  6020 | D:7      | Learned a level 1 spell: Apportation
  6189 | D:8      | Reached skill level 11 in Unarmed Combat
  6228 | D:8      | Noticed a two-headed ogre
  6262 | D:8      | HP: 3/80 [two-headed ogre/giant spiked club (22)]
  6266 | D:8      | Demolished by a two-headed ogre

Vault maps used:
D:1:      dpeg_arrival_refuge, chequers_big_river
D:2:      st_stairs_5
D:3:      hangedman_ru_absence
D:4:      fedhas_altar_3, first_bread, kennysheep_diamond, minmay_box_of_dots,
          uniq_menkaure, uniq_eustachio
D:6:      xom_confusion_cloud, minmay_temple_entry_statues_fountains
D:8:      nicolae_dithmenos_shadow_blocks, nicolae_ossuary_entry_ruins

Skill      XL: |  1  2  3  4  5  6  7  8  9 |
---------------+----------------------------+-----
Unarmed Combat | 4 5 6 7 9 11 | 11.1
Spellcasting   | 1 2 |  2.9
Hexes          | 1 3 4 |  4.6
Stealth        | 0 |  0.0
Fighting       | |  2.4
Dodging        | |  2.4

Action                   |  1- 3 |  4- 6 |  7- 9 || total
-------------------------+-------+-------+-------++-------
Melee: Unarmed           |    82 |    82 |   308 ||   472
       Punch             |       |     3 |    14 ||    17
 Cast: Confuse           |       |       |     2 ||     2
       Confusing Touch   |       |       |     1 ||     1
Invok: Sacrifice Health  |       |     1 |       ||     1
       Sacrifice Stealth |       |       |     1 ||     1
  Use: Scroll            |     1 |     1 |     5 ||     7
       Potion            |       |       |     5 ||     5
 Stab: Sleeping          |     4 |     1 |     1 ||     6
       Invisible         |       |       |     1 ||     1
  Eat: Chunk             |    19 |    12 |    31 ||    62
Armor: Robe              |    25 |     7 |    95 ||   127
       Skin              |       |       |    33 ||    33
Dodge: Dodged            |    43 |    21 |    67 ||   131

Table legend:
 A = Spawn XP
 B = Non-spawn XP
 C = Spawn XP percentage of total XP
 D = Spawn monster count
 E = Non-spawn monster count
 F = Spawn count percentage of total count
 G = Total turns spent on level
                    A         B        C        D         E        F      G
               +---------+---------+-------+---------+---------+-------+---------
         Total |       0 |    4719 |   0.0 |       0 |     138 |   0.0 |  6266
               +---------+---------+-------+---------+---------+-------+---------
           D:1 |       0 |      17 |   0.0 |       0 |       8 |   0.0 |   903
           D:2 |       0 |      95 |   0.0 |       0 |      25 |   0.0 |   933
           D:3 |       0 |     141 |   0.0 |       0 |       9 |   0.0 |   767
           D:4 |       0 |    1026 |   0.0 |       0 |      18 |   0.0 |   714
           D:5 |       0 |    1205 |   0.0 |       0 |      34 |   0.0 |  1057
           D:6 |       0 |     642 |   0.0 |       0 |      21 |   0.0 |   863
           D:7 |       0 |     359 |   0.0 |       0 |       7 |   0.0 |   819
           D:8 |       0 |    1234 |   0.0 |       0 |      16 |   0.0 |   210
               +---------+---------+-------+---------+---------+-------+---------
